Map: Ever Dream LE

Players

Massa - Winner!

  • Race: Terran Terran
  • League: Gold
  • Spawn Location: 1:00

VOD

Have the link to the VOD?

Description

Time

  • Played on: April 15, 2020, 7:27 a.m.
  • Length: 35:40
Show
View Real Time Build Order
Export as new Build Order

Massa Terran - Winner!

Build Orders:  

Get SALT Encoding   

  12  0:17  Supply Depot  
  12  0:19  SCV  
  13  0:36  SCV  
  14  0:52  SCV, Barracks  
  15  1:09  SCV  
  16  1:15  Supply Depot  
  16  1:26  SCV  
  17  1:43  SCV  
  18  2:00  SCV  
  18  2:08  Command Center  
  19  2:11  Marine  
  20  2:22  Refinery  
  20  2:33  Refinery  
  20  2:36  Marine  
  20  2:37  SCV  
  22  2:54  SCV  
  23  3:01  Marine  
  24  3:11  SCV  
  25  3:26  Marine  
  25  3:28  SCV  
  27  3:45  SCV  
  28  3:52  SCV  
  29  4:02  SCV, Factory  
  29  4:08  SCV  
  29  4:09  Marine  
  32  4:19  SCV  
  33  4:25  SCV  
  34  4:34  Marine  
  34  4:37  Orbital Command  
  35  4:42  SCV  
  36  4:59  SCV  
  37  5:15  Factory Tech Lab  
  37  5:16  SCV  
  38  5:20  Starport  
  38  5:24  Command Center  
  38  5:33  SCV, Supply Depot  
  39  5:42  SCV  
  40  5:51  Orbital Command  
  40  5:57  Siege Tank  
  40  5:59  SCV  
  44  6:03  Marine  
  44  6:04  Supply Depot  
  45  6:15  Starport Tech Lab  
  45  6:16  SCV  
  45  6:17  Fusion Core  
  46  6:28  Marine  
  46  6:29  Refinery  
  47  6:33  SCV  
  48  6:49  SCV  
  48  6:53  Marine  
  48  6:57  Siege Tank  
  53  7:06  SCV  
  54  7:13  Supply Depot  
  54  7:23  SCV  
  55  7:42  Armory  
  55  7:44  Supply Depot  
  55  7:53  Battlecruiser  
  61  8:01  SCV  
  61  8:03  SCV  
  63  8:17  Supply Depot  
  63  8:18  SCV  
  63  8:19  SCV  
  64  8:21  SCV  
  66  8:35  SCV  
  66  8:36  SCV  
  66  8:38  Refinery, SCV  
  69  8:48  Armory  
  69  8:52  SCV  
  69  8:53  SCV  
  69  8:55  SCV  
  72  9:10  Barracks Tech Lab  
  72  9:12  SCV  
  72  9:17  Terran Ship Weapons Level 1  
  73  9:23  Battlecruiser  
  73  9:28  SCV  
  80  9:50  Siege Tank  
  80  9:53  Command Center  
  83  10:05  Terran Vehicle And Ship Armor Level 1  
  83  10:33  Starport  
  83  10:50  Barracks  
  83  10:52  Barracks  
  77  11:24  Battlecruiser  
  77  11:25  Starport Tech Lab  
  77  11:29  Weapon Refit  
  83  11:37  Barracks  
  83  11:40  Engineering Bay  
  83  11:57  Command Center  
  83  12:00  Barracks  
  83  12:02  SCV x2  
  83  12:03  SCV  
  83  12:09  SCV  
  87  12:16  Refinery  
  87  12:18  Engineering Bay  
  87  12:19  SCV x3  
  89  12:26  SCV  
  91  12:33  Barracks Reactor x2  
  91  12:36  SCV x3  
  94  12:42  SCV  
  94  12:46  Terran Ship Weapons Level 2  
  94  12:48  Terran Vehicle And Ship Armor Level 2  
  95  12:53  Refinery, SCV x3  
  95  12:59  SCV  
  99  13:06  Battlecruiser  
  105  13:10  SCV x3  
  105  13:16  SCV  
  109  13:33  Battlecruiser  
  115  13:55  Supply Depot  
  115  14:26  Supply Depot  
  115  14:36  Battlecruiser  
  115  14:38  Engineering Bay  
  121  14:58  Supply Depot  
  115  15:15  Engineering Bay  
  114  15:31  Supply Depot  
  111  15:51  Barracks Reactor x2  
  111  15:53  Marine  
  111  15:54  Marine x3  
  104  16:01  Supply Depot  
  104  16:02  Supply Depot  
  103  16:18  Marine x3  
  103  16:19  Marine  
  94  16:20  Marauder  
  94  16:23  Unknown  
  84  16:33  Supply Depot  
  84  16:35  Supply Depot  
  84  16:40  Battlecruiser x2  
  84  16:43  Marine  
  93  16:50  Marauder, Marine  
  93  16:51  Marine x4  
  100  17:07  Supply Depot  
  100  17:08  Marine, Supply Depot  
  101  17:15  Marine  
  101  17:16  Marine x2  
  100  17:20  Marauder  
  100  17:23  Siege Tank  
  100  17:40  Terran Vehicle And Ship Armor Level 3  
  100  17:46  Terran Infantry Weapons Level 1  
  97  17:50  Marauder  
  99  18:08  Siege Tank  
  102  18:10  Battlecruiser x2  
  114  18:53  Siege Tank  
  114  18:55  Command Center  
  117  19:03  Barracks  
  117  19:08  Barracks  
  117  19:22  Barracks  
  117  19:26  Marauder  
  117  19:27  Marine x2  
  121  19:52  Marine x2  
  121  19:56  Marauder  
  125  20:17  Marine x2  
  121  20:26  Marauder  
  123  20:42  Marine x2  
  125  20:50  Terran Ship Weapons Level 3  
  125  20:54  Terran Infantry Armor Level 1  
  125  20:55  Terran Infantry Weapons Level 2  
  125  20:56  Marauder  
  127  21:00  Planetary Fortress  
  127  21:16  Marine x5  
  127  21:17  Marine x3  
  135  21:20  Terran Vehicle Weapons Level 1  
  135  21:26  Marauder  
  137  21:38  Siege Tank  
  140  21:40  Marine  
  140  21:41  Marine x5  
  140  21:42  Marine x2  
  142  22:05  Marine  
  142  22:06  Marine x5  
  142  22:07  Marine x2  
  150  22:30  Marine  
  150  22:31  Marine x6  
  150  22:32  Marine  
  152  23:09  Battlecruiser  
  158  23:10  Battlecruiser  
  164  23:40  Terran Infantry Armor Level 2  
  164  23:52  Supply Depot  
  161  24:23  Supply Depot  
  161  24:24  Stimpack  
  161  24:39  Battlecruiser  
  149  24:40  Battlecruiser  
  173  24:55  Supply Depot  
  173  25:01  Terran Infantry Weapons Level 3  
  173  25:20  Sensor Tower  
  173  25:28  Supply Depot  
  173  25:42  Sensor Tower  
  173  26:00  Supply Depot  
  173  26:09  Command Center  
  173  26:17  Supply Depot  
  173  26:18  Supply Depot  
  173  26:19  Supply Depot  
  173  26:20  Supply Depot  
  173  26:21  Supply Depot, Battlecruiser  
  173  26:28  Unknown  
  179  26:32  Supply Depot  
  179  27:03  Supply Depot  
  179  27:36  Supply Depot  
  167  28:14  Battlecruiser x2  
  179  29:44  Battlecruiser x2  
  191  30:28  Refinery  
  191  30:32  Refinery  
  191  30:55  Command Center  
  191  31:10  Command Center  
  191  31:36  Terran Vehicle Weapons Level 2  
  191  31:38  Terran Infantry Armor Level 3  
  191  32:00  Hi-Sec Auto Tracking  
  191  32:42  Concussive Shells  
  191  33:39  Orbital Command  
  191  33:51  Orbital Command  
  191  34:05  Command Center  
  191  34:20  Structure Armor, Command Center  
  191  34:37  Unknown  
Tags
 
League
Gold
Matchup
Co-op
Replay Pack
Multiplayer
Add a new tag
Caveats
  • Supply blocks, unpowered buildings, or Contaminate may cause inaccurate times.
  • Supply counts are checked every 10 seconds.